AoeStats
← Sparten gio

Nomad

503758109Analyzed
1v1 RM · 1mo ago on Sep 2, 2026· 60m 43s· 2 players
Game mode
Random Map
Map size
126×126
Population
200
Speed
Normal
Resources
Standard
Victory
Conquest
Starting age
Dark Age
Ending age
Imperial Age
RankedLock teamsTeams togetherTeam positionsShared explorationLock speedFull tech treeHidden civsTurbo modeCheats
Victory
Defeat
🇺🇸 Poles · United States
875
+15
🇲🇽 Aztecs · Mexico
856
-15
FatalityShot187
4:49 Loom
15:18 Feudal Age
15:48 Double-Bit Axe
21:17 Fishing Lines
24:19 Castle Age
23:15 Fletching
23:23 Town Watch
26:47 Town Patrol
29:08 Stone Mining
31:06 Stone Shaft Mining
35:06 Gillnets
35:28 Gold Mining
37:04 Pikeman
38:04 Scale Mail Armor
38:14 Forging
39:34 Gold Shaft Mining
39:27 Squires
42:10 Chain Mail Armor
42:30 Iron Casting
58:36 Bow Saw
Sparten gio
15:04 Feudal Age
15:40 Fishing Lines
15:54 Double-Bit Axe
17:29 Bloodlines
20:37 Castle Age
20:26 Forging
20:22 Scale Barding Armor
22:51 Iron Casting
23:12 Gillnets
25:22 Husbandry
30:02 Demolition Ship
30:43 Fletching
31:53 Szlachta Privileges
32:26 Medium Warships
36:47 Imperial Age
34:08 Loom
34:10 Town Watch
34:31 Horse Collar
37:35 Bodkin Arrow
38:09 Cavalier
39:21 Conscription
42:19 Blast Furnace
42:36 Bow Saw
42:31 Heavy Plow
44:08 Scale Mail Armor
46:04 Chain Mail Armor
46:38 Squires
46:29 Arson
48:58 Plate Mail Armor
51:51 Bracer
52:08 Thumb Ring
52:57 Heavy Cavalry Archer
54:29 Padded Archer Armor
56:06 Ballistics
56:49 Chemistry
56:35 Chain Barding Armor
56:31 Leather Archer Armor
57:30 Elite Obuch
Connection lost

Rejoining the realm…

Still unreachable

The connection could not be restored.

Session expired

The server has moved on; the page needs a fresh start.